 Dungeon Crawl Stone Soup version 0.29-a0-582-ge82337ba6a (webtiles) character file.

Game seed: 15365698241562535373

640 Patoropollo the Archer (level 7, -24/38 HPs)
             Began as a Deep Elf Hunter on June 14, 2022.
             Annihilated by an ogre
             ... wielding a +0 giant spiked club
              (28 damage)
             ... on level 5 of the Dungeon.
             The game lasted 00:07:17 (4026 turns).

Patoropollo the Archer (Deep Elf Hunter)            Turns: 4026, Time: 00:07:20

Health: -24/38     AC:  3    Str:  8    XL:     7   Next: 26%
Magic:  9/9        EV: 13    Int: 14    God:
Gold:   205        SH:  0    Dex: 20    Spells: 6/6 levels left

rFire   + . .      SeeInvis .   a - +2 shortbow (freeze)
rCold   + . .      Faith    .   (shield currently unavailable)
rNeg    . . .      Spirit   .   w - +0 robe
rPois   .          Reflect  .   (no helmet)
rElec   .          Harm     .   (no cloak)
rCorr   .          Rampage  .   (no gloves)
Will    .....                   s - +0 pair of boots
Stlth   ++........              (no amulet)
HPRegen 0.12/turn               b - ring of protection from cold
MPRegen 0.11/turn               u - ring of protection from fire

@: weak-willed
A: no striking features
a: no special abilities


You were on level 5 of the Dungeon.
You visited 1 branch of the dungeon, and saw 5 of its levels.

You collected 205 gold pieces.

Inventory:

Hand Weapons
 a - a +2 shortbow of freezing (weapon)
Armour
 s - a +0 pair of boots (worn)
 w - a +0 robe (worn)
Jewellery
 b - a ring of protection from cold (left hand)
 l - a ring of wizardry
 u - a ring of protection from fire (right hand)
Scrolls
 c - 2 scrolls of immolation
 d - 5 scrolls of teleportation
 f - a scroll of identify
 h - 2 scrolls of magic mapping
Potions
 e - 4 potions of curing
 j - 2 potions of berserk rage {unknown}
 k - 3 potions of might {unknown}
 m - a potion of brilliance
 n - 2 potions of resistance {unknown}
 p - a potion of haste {unknown}
 q - 3 potions of attraction
 r - a potion of ambrosia {unknown}
 x - a potion of mutation {unknown}


   Skills:
 - Level 1.5 Fighting
 + Level 11.6 Bows
 - Level 2.4 Dodging
 - Level 1.2 Stealth


You had 6 spell levels left.
You didn't know any spells.
Your spell library contained the following spells:

 Spells                   Type           Power      Damage    Failure   Level
 Gell's Gravitas          Tloc           0%         N/A       65%         3
 Lesser Beckoning         Tloc           0%         N/A       65%         3
 Teleport Other           Tloc           0%         N/A       65%         3


Dungeon Overview and Level Annotations

Branches:
Dungeon (5/15)
 Temple: D:4-7

Altars:
Elyvilon
Hepliaklqana
Makhleb
Nemelex Xobeh
Qazlal
Ru
Vehumet
Zin
The Shining One


Message History

You open the door.
There is an open door here.
There is an open door here.
A hound comes into view.
The hound barks!
You hear a bark!
A hound is nearby!
You shoot an arrow. The arrow hits the hound!
The arrow freezes the hound.
The hound is almost dead.
You shoot an arrow. The arrow hits the hound!
The arrow freezes the hound.
You kill the hound!
No target in view!
No target in view!
No target in view!
An ogre comes into view. It is wielding a +0 giant spiked club.
The ogre shouts!
An ogre is nearby!
An ogre is nearby!
You shoot an arrow. The arrow barely misses the ogre.
A hound comes into view.
You shoot an arrow.
The arrow hits the ogre but does no damage.
You shoot an arrow. The arrow hits the ogre.
The arrow freezes the ogre.
The ogre is lightly wounded.
A hound comes into view.
The ogre attacks as you move away!
The ogre hits you with a +0 giant spiked club!!
Ouch! That really hurt!
* * * LOW HITPOINT WARNING * * *
You are too injured to fight recklessly!
You are too injured to fight recklessly!
You are too injured to fight recklessly!
You are too injured to fight recklessly!
The hound closely misses you.
As you read the scroll labelled VACSOHA MATTU, it crumbles to dust.
Magic quickly surges around you.
It was a scroll of vulnerability.
The hound bites you.
* * * LOW HITPOINT WARNING * * *
The ogre hits you with a +0 giant spiked club!!
Ouch! That really hurt!
You die...

#...........#....#
#>..........#....#
......######.....#....#
..... #....#.....'....#
.h.. #....'.....#....#
... #....#.....#....#
.. #....#.....#....# .
.#+####..Oh.#....#
.......)..@.#....#
..........).+....#
..........<)#....#
............#....#
.#################


You could see an ogre (weak-willed) and a hound (weak-willed).

Vanquished Creatures
  2 hounds
  3 orc priests
  Jessica (D:3)
  2 iguanas
  Natasha (thrice) (D:3)
  4 orc wizards
  8 adders
  4 gnolls (D:4)
  A shadow imp (D:4)
  A worm (D:3)
  4 dart slugs
  17 orcs
  9 ball pythons
  8 endoplasms
  4 giant cockroaches
  7 hobgoblins
  3 jackals (D:4)
  4 quokkas
  4 bats
  3 frilled lizards
  10 goblins
  7 kobolds
  2 rats
111 creatures vanquished.

Vanquished Creatures (others)
  A fungus (D:1)
1 creature vanquished.

Grand Total: 112 creatures vanquished

Notes
Turn   | Place    | Note
-------+----------+-------------------------------------------
     0 | D:1      | Patoropollo the Deep Elf Hunter began the quest for the
                  | Orb.
     0 | D:1      | Reached XP level 1. HP: 12/12 MP: 3/3
   386 | D:1      | Reached XP level 2. HP: 16/16 MP: 4/4
   413 | D:1      | Reached skill level 6 in Bows
   420 | D:1      | Found a faded altar of an unknown god.
   604 | D:1      | Reached XP level 3. HP: 20/20 MP: 5/5
  1192 | D:2      | Reached skill level 7 in Bows
  1628 | D:2      | Reached XP level 4. HP: 18/25 MP: 6/6
  1925 | D:3      | Found a hazy altar of Hepliaklqana.
  1927 | D:3      | Found a sacrificial altar of Ru.
  1927 | D:3      | Found a white marble altar of Elyvilon.
  1927 | D:3      | Found a radiant altar of Vehumet.
  1933 | D:3      | Found a glowing golden altar of the Shining One.
  1934 | D:3      | Found a stormy altar of Qazlal.
  1977 | D:3      | Noticed Jessica
  1982 | D:3      | Killed Jessica
  2054 | D:3      | Reached skill level 8 in Bows
  2250 | D:3      | Reached XP level 5. HP: 29/29 MP: 7/7
  2354 | D:3      | Reached skill level 9 in Bows
  2758 | D:3      | Noticed Natasha
  2761 | D:3      | Killed Natasha
  2762 | D:3      | Reached XP level 6. HP: 34/34 MP: 8/8
  2789 | D:3      | Noticed Natasha
  2794 | D:3      | Killed Natasha
  3063 | D:3      | Noticed Natasha
  3069 | D:3      | Killed Natasha
  3090 | D:3      | Reached skill level 10 in Bows
  3127 | D:4      | Found a glowing silver altar of Zin.
  3315 | D:4      | Found a burning altar of Makhleb.
  3490 | D:4      | Reached skill level 11 in Bows
  3544 | D:4      | Reached XP level 7. HP: 38/38 MP: 9/9
  3578 | D:4      | Found a sparkling altar of Nemelex Xobeh.
  3884 | D:5      | Entered Level 5 of the Dungeon
  4026 | D:5      | Annihilated by an ogre

Illustrated notes

Levels and vault maps discovered:
D:1:      minmay_arrival_floating_metal, layout_loops_ring,
          shapermc_ecumenical_altar_mp_urbaneastern, minmay_tromino_v4_b
D:2:      layout_basic, minmay_misc_feat_five
D:3:      layout_basic, grunt_temple_overflow_open, uniq_natasha, uniq_jessica
D:4:      layout_loops_ring, mainiacjoe_overflow_chevrons,
          mainiacjoe_overflow_catwalk_spiral
D:5:      layout_gridville

Skill      XL: |  1  2  3  4  5  6 |
---------------+-------------------+-----
Bows           | 6 7 8 9 11 | 11.6
Fighting       | |  1.5
Dodging        | |  2.4
Stealth        | |  1.2

Action                   |  1- 3 |  4- 6 |  7- 9 || total
-------------------------+-------+-------+-------++-------
 Fire: Shortbow          |    81 |   145 |    24 ||   250
  Use: Scroll            |       |    10 |     1 ||    11
Armor: Skin              |       |     2 |       ||     2
       Robe              |       |     1 |       ||     1
Dodge: Dodged            |     9 |    11 |     1 ||    21

Table legend: (Time is in decaauts)
 A = Elapsed time spent in this place.
 B = Non-inter-level travel time spent in this place.
 C = Inter-level travel time spent in this place.
 D = Time resting spent in this place.
 E = Time spent auto-exploring this place.
 F = Levels seen in this place.
 G = Mean time per level.
                   A        B        C        D        E       F      G
               +--------+--------+--------+--------+--------+-----+--------+
         Total |   4057 |   3886 |    171 |      0 |   3338 |   5 |  811.4 |
       Dungeon |   4057 |   3886 |    171 |      0 |   3338 |   5 |  811.4 |
               +--------+--------+--------+--------+--------+-----+--------+

Top non-repeatable levels by time:
     D:1: 1211 daAuts
     D:3: 1205 daAuts
     D:4: 757 daAuts
     D:2: 743 daAuts
     D:5: 140 daAuts
